 Dungeon Crawl Stone Soup version 0.27-a0-1196-g3e9cee4cb2 (webtiles) character file.

Game seed: 9994886514430463770

462 robertstho the Magician (level 7, -1/46 HPs)
             Began as a Djinni Fire Elementalist on May 27, 2021.
             Splashed by a jelly's acid (8 damage)
             ... on level 4 of the Dungeon.
             The game lasted 00:05:23 (4811 turns).

robertstho the Magician (Djinni Fire Elementalist)  Turns: 4811, Time: 00:05:23

Health: -1/46      AC: -10   Str:  7    XL:     7   Next: 28%
Gold:   95         EV: 12    Int: 19    God:
                   SH:  0    Dex: 13

rFire    + + .     SeeInvis .   i - +0 dagger
rCold    x . .     Faith    .   (no shield)
rNeg     . . .     Spirit   .   a - +0 robe
rPois    ∞         Reflect  .   (no helmet)
rElec    .         Harm     .   (no cloak)
rCorr    .         Rampage  .   (no gloves)
Will     .....                  (boots unavailable)
Stlth    ++........             g - amulet of regeneration
HPRegen  1.15/turn              (no ring)
MPRegen  0.00/turn              (no ring)

@: about to teleport, corroded, flying
A: sickness immunity, fire resistance 2, cold vulnerability 1, float, innate
caster, hp casting, extra vitality 1
a: no special abilities


You were on level 4 of the Dungeon.
You visited 1 branch of the dungeon, and saw 4 of its levels.

You collected 95 gold pieces.

Inventory:

Hand Weapons
 i - a +0 dagger (weapon)
Missiles
 n - a throwing net
Armour
 a - a +0 robe (worn)
Jewellery
 g - an amulet of regeneration (around neck)
Wands
 k - a wand of charming (8)
Scrolls
 b - 3 scrolls of identify
 d - 3 scrolls of teleportation
 e - 3 scrolls of amnesia {unknown}
 h - a scroll of fog {unknown}
 j - a scroll of enchant armour {unknown}
 l - a scroll of magic mapping {unknown}
 m - 2 scrolls of vulnerability {unknown}
Potions
 c - a potion of ambrosia
 f - 2 potions of attraction {unknown}


   Skills:
 + Level 0.3 Fighting
 + Level 2.8 Dodging
 + Level 2.6 Stealth
 + Level 5.5 Spellcasting


You couldn't memorise any spells.
You knew the following spells:

 Your Spells              Type           Power      Damage    Failure   Level
a - Foxfire               Conj/Fire      100%       2x1d9     1%          1
b - Conjure Flame         Conj/Fire      26%        6-21      3%          3
c - Inner Flame           Hex/Fire       26%        N/A       3%          3
d - Sticky Flame          Conj/Fire      26%        2d5       12%         4
e - Fireball              Conj/Fire      13%        3d7       34%         5
f - Animate Skeleton      Necr           52%        N/A       1%          1
g - Static Discharge      Conj/Air       26%        N/A       1%          2
h - Tukima's Dance        Hex            26%        N/A       3%          3
Your spell library was empty.

Dungeon Overview and Level Annotations

Branches:
Dungeon (4/15)
 Temple: D:4-7

Altars:
Hepliaklqana
Zin


Innate Abilities, Weirdness & Mutations

You are immune to sickness and miasma.
You are immune to poison.
Your flesh is very heat resistant. (rF++)
You are vulnerable to cold. (rC-)
You float through the air rather than walking.
You learn spells naturally, not from books.
Your magical power is your life essence.
You have superior vitality. (+4 HP)


Message History

The centaur shoots an arrow.
The arrow hits you!
The foxfire hits the jelly.
The jelly is moderately wounded.
The centaur shoots an arrow.
The arrow hits you.
Casting: Foxfire (safe; 1% risk of failure)
Press: ? - help, Q - select action, (/) - cycle Dir - look around, f - activate You conjure some foxfire!
The foxfire hits the jelly.
The jelly is severely wounded.
The foxfire hits the jelly.
The jelly is almost dead.
A jackal comes into view.
The jelly hits you. The acid corrodes you!
You are splashed with acid!
The foxfire hits the centaur but does no damage.
Unknown command.
A jackal comes into view.
The centaur shoots an arrow.
The arrow hits you!
* * * LOW HITPOINT WARNING * * *
The jelly closely misses you.
It was a potion of ambrosia.
You are confused.
You feel invigorated. The jelly barely misses you.
You bump into the rock wall.
The jelly closely misses you.
You bump into the rock wall.
The jelly hits you.
You are splashed with acid.
You bump into the rock wall.
The jelly barely misses you.
You bump into the rock wall.
The jelly barely misses you.
You bump into the rock wall.
The jelly hits you. The acid corrodes you!
You are splashed with acid!
You feel less invigorated.
You feel less confused.
As you read the scroll labelled BUTEICV WEEMER, it crumbles to dust.
It is a scroll of identify.
d - 4 scrolls of teleportation The jelly hits you.
The acid corrodes you!
You are splashed with acid!
As you read the scroll of teleportation, it crumbles to dust.
You feel strangely unstable. The jelly hits you.
You are splashed with acid!
* * * LOW HITPOINT WARNING * * *
The jelly hits you.
* * * LOW HITPOINT WARNING * * *
The acid corrodes you!
You are splashed with acid!
You die...

#.# #.# #.# ######..#
#.#
#.#########.###.......#
#.#
#...............#####.#
###########.##### #.#
###########.##### #.#
......†.........#####.#
########..............#
#.##.###.####..#
#@##.....# #..#
#J#####..# #..# #c#
#..# #..# #.# #..# #..#
## #h# #..# #..#
##...#h#####.## #..#
..........ch....
......#.#####h##
#.....#.#


You could see a centaur, a jelly and 2 jackals.

Vanquished Creatures
  An ogre (D:4)
  A water moccasin zombie (D:3)
  A scorpion (D:4)
  An orc priest (D:3)
  Jessica (D:3)
  2 orc wizards (D:3)
  Terence (D:3)
  6 adders
  8 dart slugs
  2 orcs (D:3)
  8 endoplasms
  4 giant cockroaches
  3 goblins
  9 hobgoblins
  3 jackals (D:2)
  4 kobolds
  3 quokkas
  5 ball pythons
  6 bats
  A frilled lizard (D:1)
  3 rats (D:1)
73 creatures vanquished.

Vanquished Creatures (others)
  339 foxfires
339 creatures vanquished.

Grand Total: 412 creatures vanquished

Notes
Turn   | Place    | Note
-------+----------+-------------------------------------------
     0 | D:1      | robertstho the Djinni Fire Elementalist began the quest for
                  | the Orb.
     0 | D:1      | Reached XP level 1. HP: 15/15 MP: 0/0
   274 | D:1      | Reached XP level 2. HP: 16/21 MP: 0/0
   839 | D:1      | You are sucked into a shaft and drop 1 floor!
  1253 | D:1      | Reached skill level 3 in Spellcasting
  1300 | D:1      | Reached XP level 3. HP: 22/25 MP: 0/0
  1300 | D:1      | Learned a level 1 spell: Animate Skeleton
  2126 | D:2      | Reached XP level 4. HP: 19/31 MP: 0/0
  2427 | D:2      | Found a faded altar of an unknown god.
  3093 | D:2      | Reached XP level 5. HP: 33/35 MP: 0/0
  3093 | D:2      | Learned a level 2 spell: Static Discharge
  3338 | D:3      | Reached skill level 4 in Spellcasting
  3610 | D:3      | Noticed Jessica
  3617 | D:3      | Killed Jessica
  3618 | D:3      | Reached XP level 6. HP: 23/40 MP: 0/0
  3628 | D:3      | Noticed Terence
  4109 | D:3      | Killed Terence
  4110 | D:3      | Reached skill level 5 in Spellcasting
  4153 | D:3      | Found a hazy altar of Hepliaklqana.
  4482 | D:4      | Noticed an ogre
  4491 | D:4      | Killed an ogre
  4492 | D:4      | Reached XP level 7. HP: 18/45 MP: 0/0
  4492 | D:4      | Learned a level 3 spell: Tukima's Dance
  4515 | D:4      | Found a glowing silver altar of Zin.
  4811 | D:4      | Splashed by a jelly's acid

Illustrated notes

Levels and vault maps discovered:
D:1:      saegor_arrival_simple_a, layout_loops_cross
D:2:      layout_basic, shapermc_ecumenical_altar_notcrosses,
          chequers_serial_rivers_small_a
D:3:      layout_basic, nzn_hepliaklqana_mist_gate, uniq_terence, uniq_jessica
D:4:      layout_loops_ring, kennysheep_mini_moat, okawaru_ov_weapons_minmay,
          nicolae_ru_path_of_blood, minmay_temple_entry_fiery

Skill      XL: |  1  2  3  4  5  6 |
---------------+-------------------+-----
Spellcasting   | 3 4 5 |  5.5
Stealth        | 2 |  2.6
Fighting       | |  0.3
Dodging        | |  2.8

Action                   |  1- 3 |  4- 6 |  7- 9 || total
-------------------------+-------+-------+-------++-------
Melee: Unarmed           |       |     2 |       ||     2
 Cast: Foxfire           |    93 |   101 |    21 ||   215
       Sticky Flame      |       |     5 |       ||     5
  Use: Scroll            |       |       |     2 ||     2
       Potion            |       |       |     1 ||     1
Armor: Robe              |     8 |     2 |       ||    10
Dodge: Dodged            |    13 |    15 |     8 ||    36

Table legend: (Time is in decaauts)
 A = Elapsed time spent in this place.
 B = Non-inter-level travel time spent in this place.
 C = Inter-level travel time spent in this place.
 D = Time resting spent in this place.
 E = Time spent auto-exploring this place.
 F = Levels seen in this place.
 G = Mean time per level.
                   A        B        C        D        E       F      G
               +--------+--------+--------+--------+--------+-----+--------+
         Total |   4812 |   4670 |    142 |    354 |   3682 |   4 | 1203.0 |
       Dungeon |   4812 |   4670 |    142 |    354 |   3682 |   4 | 1203.0 |
               +--------+--------+--------+--------+--------+-----+--------+

Top non-repeatable levels by time:
     D:1: 1939 daAuts
     D:2: 1685 daAuts
     D:3: 818 daAuts
     D:4: 369 daAuts
